 Dungeon Crawl Stone Soup version 0.32-a0-540-g866d13106e (webtiles) character file.

Game seed: 13122505227892202679

66 sleeves the Trooper (level 4, -2/37 HPs)
             Began as a Formicid Shapeshifter on Feb 28, 2024.
             Slain by a tentacled starspawn (36 damage)
             ... on level 1 of the Abyss.
             The game lasted 00:03:25 (1665 turns).

sleeves the Trooper (Formicid Shapeshifter)         Turns: 1665, Time: 00:03:26

Health: -2/37      AC:  8    Str: 21    XL:     4   Next: 37%
Magic:  13/13      EV: 11    Int:  9    God:
Gold:   86         SH:  6    Dex: 19    Spells: 3/3 levels left

rFire   . .          .
                       - Unarmed
rCold   . . .        l - +1 buckler {AC+3}
rNeg    . . .        o - +0 ring mail
rPois   .            (helmet unavailable)
rElec   .            (cloak currently unavailable)
rCorr   .            (gloves currently unavailable)
SInv    +            (boots currently unavailable)
Will    +....        (no amulet)
Stlth   +            f - +6 ring of dexterity
HPRegen 0.26/turn    g - ring of magical power
MPRegen 0.13/turn

%: no passive effects
@: beast-form, enlightened, flying
A: beast (slay +1), permanent stasis, dig shafts and tunnels, antennae 3, four
strong arms
a: Dig, Shaft Self, Begin Untransformation


You were on level 1 of the Abyss.
You were a hulking beast.
You visited 1 branch of the dungeon, and saw 3 of its levels.
You visited the Abyss 1 time.

You collected 86 gold pieces.

Inventory:

Hand Weapons
 m - a +0 whip
   (You found it on level 3 of the Dungeon)
Missiles
 j - 4 boomerangs
Armour
 l - a +1 buckler of protection (worn)
   (You found it on level 3 of the Dungeon)
 o - a +0 ring mail (worn)
   (You found it on level 3 of the Dungeon)
Jewellery
 f - a +6 ring of dexterity (left hand)
   (You found it on level 1 of the Dungeon)
 g - a ring of magical power (right hand)
   (You took it off a hobgoblin on level 1 of the Dungeon)
Talismans
 c - a beast talisman (active)
 d - a flux talisman
Scrolls
 k - a scroll of amnesia
Potions
 b - a potion of lignification
 i - a potion of cancellation {unknown}


   Skills:
 - Level 4.1 Fighting
 + Level 0.3 Maces & Flails
 - Level 1.7 Dodging
 + Level 0.6 Shields
 - Level 3.0 Unarmed Combat
 - Level 3.2 Shapeshifting


You had 3 spell levels left.
You didn't know any spells.
Your spell library was empty.

Dungeon Overview and Level Annotations

Branches:
Dungeon (3/15)

Altars:

Shops:
D:1 [


Innate Abilities, Weirdness & Mutations

You are a hulking beast.
Your limbs bulge with bestial killing power. (Slay +1)
You cannot be hasted, slowed, berserked, paralysed or teleported.
You can dig through walls and to a lower floor.
You have a pair of large antennae on your head. (SInv)
Your four strong arms can wield two-handed weapons with a shield.


Message History

Welcome, sleeves the Formicid Shapeshifter.
Below lies the Orb of Zot, rumoured to be powerful enough to resurrect a god...
Press ? for a list of commands and other information.
Found 5 stones.
Found a staircase leading out of the dungeon.
You open the door.
There is an open door here.
You open the door.
You sense a monster nearby.
There is an open door here.
You open the door.
A rat comes into view.
The rat squeaks loudly.
You hear a shout! x2
A rat is nearby!
A rat is nearby!
The rat closely misses you.
A kobold comes into view. It is wielding a +0 dagger.
There is an open door here.
You barely miss the rat.
The kobold shouts!
A hobgoblin comes into view.
The rat bites you.
You hit the rat.
You kill the rat!
A rat comes into view.
There is an open door here.
You swing at nothing.
You swing at nothing.
You hit the hobgoblin. Your punch misses the hobgoblin.
The hobgoblin is almost dead.
The hobgoblin closely misses you.
You hit the hobgoblin.
You kill the hobgoblin!
The kobold throws a stone.
The stone misses you.
You swing at nothing.
You swing at nothing.
You hit the rat.
You kill the rat!
You hit the kobold.
The kobold is severely wounded.
The kobold hits you with a +0 dagger.
You barely miss the kobold.
The kobold is severely wounded.
The kobold hits you with a +0 dagger.
You closely miss the kobold.
The kobold is severely wounded.
The kobold hits you with a +0 dagger.
You hit the kobold.
You kill the kobold!
You swing at nothing.
You swing at nothing.
You swing at nothing.
You swing at nothing.
You swing at nothing.
You swing at nothing.
A hobgoblin comes into view.
You swing at nothing.
You swing at nothing.
The hobgoblin shouts!
You swing at nothing.
You swing at nothing.
You barely miss the hobgoblin.
The hobgoblin hits you but does no damage.
You hit the hobgoblin.
The hobgoblin is severely wounded.
You hit the hobgoblin.
You kill the hobgoblin!
You swing at nothing.
You swing at nothing.
Items here: ( ) †††.
HP restored.
There is an open door here.
Found Owimagh's Armour Boutique.
There is an entrance to Owimagh's Armour Boutique here.
You can access your shopping list by pressing '$'.
You now have 7 gold pieces.
There is an entrance to Owimagh's Armour Boutique here.
Found a stone staircase leading down.
You open the large door.
You sense a monster nearby.
There is a large open door here.
A giant cockroach comes into view.
A giant cockroach is nearby!
The giant cockroach barely misses you. The giant cockroach barely misses you.
The giant cockroach completely misses you.
You hit the giant cockroach.
The giant cockroach is moderately wounded.
The giant cockroach closely misses you.
You hit the giant cockroach but do no damage.
The giant cockroach is moderately wounded.
The giant cockroach bites you.
You hit the giant cockroach but do no damage.
The giant cockroach is moderately wounded.
The giant cockroach barely misses you.
You hit the giant cockroach.
The giant cockroach is severely wounded.
The giant cockroach bites you but does no damage.
A giant cockroach is nearby!
You barely miss the giant cockroach.
The giant cockroach is severely wounded.
The giant cockroach barely misses you. The giant cockroach bites you.
You punch the giant cockroach!
You kill the giant cockroach!
Your Fighting skill increases to level 2!
You have reached level 2!
An endoplasm comes into view.
You see here a giant cockroach corpse.
The helpless endoplasm fails to defend itself.
You punch the endoplasm!
You kill the endoplasm!
No target in view!
No target in view!
You sense a monster nearby.
A kobold comes into view. It is wielding a +0 short sword.
A kobold is nearby!
The kobold shouts!
You miss the kobold.
The kobold hits you with a +0 short sword.
You hit the kobold.
The kobold is heavily wounded.
The kobold hits you with a +0 short sword.
You hit the kobold.
You kill the kobold!
No target in view!
Found a leather armour.
Things that are here:
a +0 short sword; 3 stones You see here a +0 leather armour.
A goblin comes into view. It is wielding a +0 dagger.
A goblin is nearby!
The goblin shouts!
You closely miss the goblin. The goblin hits you but does no damage.
You barely miss the goblin. Your punch misses the goblin.
The goblin barely misses you.
You hit the goblin.
You kill the goblin!
No target in view!
No target in view!
No target in view!
You see here a +0 leather armour.
e - a +0 leather armour You start removing your armour.
You continue removing your +0 animal skin. x4
You finish removing your +0 animal skin.
You start putting on your armour.
You continue putting on your +0 leather armour. x5
You finish putting on your +0 leather armour.
You see here a +0 dagger.
Found 5 stones.
Found a stone staircase leading down.
A rat comes into view.
A rat is nearby!
A rat is nearby!
A hobgoblin comes into view.
The hobgoblin shouts!
The hobgoblin moves out of view.
No target in view!
No target in view!
No target in view!
You closely miss the hobgoblin. The hobgoblin hits you.
The rat squeaks loudly.
You hit the hobgoblin.
You kill the hobgoblin!
You see here a hobgoblin corpse.
You punch the rat!
You kill the rat!
No target in view!
No target in view!
No target in view!
No target in view!
No target in view!
You see here a rat corpse.
You open the door. You open the door.
Found a faded altar of an unknown god.
There is an open door here.
You sense a monster nearby.
You open the door.
There is an open door here.
A goblin comes into view. It is wielding a +0 dagger.
The goblin shouts!
An endoplasm comes into view.
You hit the endoplasm.
The endoplasm is moderately wounded.
The endoplasm freezes you.
You are frozen.
You barely miss the endoplasm.
The endoplasm is moderately wounded.
The goblin barely misses you. The endoplasm freezes you.
You are frozen.
You hit the endoplasm but do no damage.
The endoplasm is moderately wounded.
The goblin barely misses you. The endoplasm barely misses you.
You punch the endoplasm!
You kill the endoplasm!
The goblin hits you but does no damage.
An endoplasm comes into view.
You closely miss the goblin. The goblin hits you with a +0 dagger.
You hit the goblin.
You kill the goblin!
You see here a +0 dagger.
You hit the endoplasm.
The endoplasm is almost dead.
The endoplasm freezes you.
You are frozen.
You barely miss the endoplasm.
The endoplasm is almost dead.
The endoplasm freezes you.
You are frozen.
You are too injured to fight recklessly!
You are too injured to fight recklessly!
You are too injured to fight recklessly!
You are too injured to fight recklessly!
You are too injured to fight recklessly!
You punch the endoplasm!
You kill the endoplasm!
You see here a +0 dagger.
You see here a hobgoblin corpse.
You see here a rat corpse.
There is an open door here.
There is a faded altar of an unknown god here.
This altar belongs to (a) Vehumet, (b) Makhleb or (c) the Shining One, but you can't tell which.
Press the corresponding letter to learn more about a god, or press enter to convert or escape to cancel.
Okay, then.
There is an open door here.
You see here a rat corpse.
You see here a hobgoblin corpse.
There is an open door here.
An endoplasm comes into view.
An endoplasm is nearby!
An endoplasm is nearby!
An endoplasm is nearby!
The endoplasm quivers.
You hit the endoplasm.
The endoplasm is almost dead.
The endoplasm hits you but does no damage.
You hit the endoplasm but do no damage.
The endoplasm is almost dead.
The endoplasm freezes you.
You are frozen.
You hit the endoplasm.
You kill the endoplasm!
No target in view!
No target in view!
No target in view!
No target in view!
You open the door.
There is an open door here.
You open the door.
There is an open door here.
A goblin comes into view. It is wielding a +0 club.
The goblin shouts!
A goblin is nearby!
A goblin is nearby!
A frilled lizard comes into view.
A bat comes into view.
A jackal comes into view.
The jackal barks!
You hear a bark! x2; You hear an angry hiss.
A jackal comes into view.
The jackal barks!
The jackal bites you but does no damage.
The jackal closely misses you.
You closely miss the jackal.
A jackal comes into view.
The jackal closely misses you.
You barely miss the jackal. The jackal barely misses you.
You barely miss the jackal. The jackal misses you.
The jackal bites you but does no damage.
You hit the jackal.
The jackal is almost dead.
The jackal closely misses you.
You punch the jackal!
You kill the jackal!
You closely miss the goblin. The goblin misses you.
You miss the goblin. The goblin hits you with a +0 club.
You completely miss the goblin. The goblin barely misses you.
You hit the goblin.
You kill the goblin!
Your Fighting skill increases to level 3!
You have reached level 3!
Your experience leads to an increase in your attributes!
Increase (S)trength, (I)ntelligence, or (D)exterity?
You feel stronger. x2
You hit the jackal.
The jackal is heavily wounded.
The jackal misses you.
You hit the jackal but do no damage.
The jackal is heavily wounded.
The jackal barely misses you. The jackal misses you.
You hit the jackal.
The jackal is severely wounded.
The jackal bites you.
You punch the jackal!
You kill the jackal!
The jackal barely misses you.
You closely miss the jackal. The jackal bites you.
You hit the jackal.
The jackal is moderately wounded.
The jackal barely misses you. The jackal closely misses you.
You miss the jackal.
The jackal is moderately wounded.
The jackal closely misses you.
You hit the jackal.
The jackal is heavily wounded.
The jackal closely misses you.
You closely miss the jackal.
The jackal is heavily wounded.
The jackal barely misses you.
The jackal bites you but does no damage.
You hit the jackal but do no damage.
The jackal is heavily wounded.
The jackal misses you.
You hit the jackal.
The jackal is almost dead.
The jackal bites you but does no damage.
You barely miss the jackal.
The jackal is almost dead.
The jackal closely misses you.
The jackal bites you but does no damage.
You completely miss the jackal.
The jackal is almost dead.
The jackal bites you.
You barely miss the jackal.
The jackal is almost dead.
The jackal bites you but does no damage. x2
You hit the jackal.
You kill the jackal!
No target in view!
Things that are here:
a +0 club; a jackal corpse; a goblin corpse A bat is nearby!
A bat is nearby!
A bat is nearby!
Found 17 gold pieces.
The bat completely misses you.
You hit the bat.
You kill the bat!
No target in view!
No target in view!
A frilled lizard is nearby!
The frilled lizard hisses angrily.
A frilled lizard is nearby!
Found a lumpy golden potion.
A frilled lizard is nearby!
The frilled lizard bites you but does no damage.
You hit the frilled lizard.
You kill the frilled lizard!
No target in view!
No target in view!
A hobgoblin comes into view. It is wielding a +0 spear.
A hobgoblin is nearby!
A hobgoblin is nearby!
A hobgoblin is nearby!
The hobgoblin shouts!
You hear a bark!
A jackal comes into view.
The jackal moves out of view.
The hobgoblin barely misses you.
You hit the hobgoblin.
The hobgoblin is almost dead.
The hobgoblin hits you with a +0 spear!
You barely miss the hobgoblin.
The hobgoblin is almost dead.
The hobgoblin barely misses you.
You hit the hobgoblin.
You kill the hobgoblin!
No target in view!
No target in view!
No target in view!
No target in view!
You sense a monster nearby.
You sense a monster nearby.
You sense a monster nearby.
You sense a monster nearby.
No target in view!
A jackal comes into view.
The jackal moves out of view.
Found an onyx ring.
A jackal comes into view.
The jackal barks!
You hit the jackal.
The jackal is moderately wounded.
You hear a bark! x3
The jackal bites you.
You closely miss the jackal. You punch the jackal.
You kill the jackal!
No target in view!
No target in view!
A jackal comes into view.
The jackal barks!
A jackal comes into view.
There is an open door here.
The jackal barks!
You miss the jackal. The jackal completely misses you.
You closely miss the jackal. The jackal closely misses you.
You hit the jackal.
The jackal is almost dead.
The jackal barely misses you. The jackal bites you.
You barely miss the jackal.
The jackal is almost dead.
The jackal closely misses you.
You closely miss the jackal.
The jackal is almost dead.
The jackal bites you but does no damage.
You hit the jackal.
You kill the jackal!
You hit the jackal.
The jackal is heavily wounded.
The jackal closely misses you. x2
You hit the jackal.
You kill the jackal!
You swing at nothing.
You completely miss the jackal. The jackal bites you.
You barely miss the jackal. The jackal closely misses you.
You hit the jackal.
The jackal is almost dead.
The jackal closely misses you. x2
You barely miss the jackal.
The jackal is almost dead.
The jackal bites you but does no damage.
You hit the jackal.
You kill the jackal!
You swing at nothing.
You swing at nothing.
You swing at nothing.
You swing at nothing.
You swing at nothing.
You swing at nothing.
You swing at nothing.
You swing at nothing.
You swing at nothing.
You swing at nothing.
You swing at nothing.
You swing at nothing.
You swing at nothing.
You swing at nothing.
You swing at nothing.
You swing at nothing.
Things that are here:
a jackal corpse; a jackal corpse; a jackal corpse
There is an open door here.
f - a +6 ring of dexterity You feel agile.
f - a +6 ring of dexterity (left hand)
You now have 24 gold pieces (gained 17).
The jackal barks!
A jackal is nearby!
A jackal is nearby!
You hit the jackal.
You kill the jackal!
No target in view!
No target in view!
You now have 35 gold pieces (gained 11).
g - a ring of magical power
Things that are here:
a +0 spear; a hobgoblin corpse You see here a frilled lizard corpse.
h - a lumpy golden potion
There is an open door here.
Found a stone staircase leading down.
There is an open door here.
i - a sedimented silvery potion As you open the door, it creaks loudly!
There is an open door here.
You open the door.
Found 4 stones.
There is an open door here.
You sense a monster nearby.
Found a dagger.
You open the door.
There is an open door here.
You open the door.
There is an open door here.
Found a spear.
A ball python comes into view.
A ball python is nearby!
A ball python is nearby!
The helpless ball python fails to defend itself.
You hit the ball python.
You kill the ball python!
No target in view!
No target in view!
You see here a ball python corpse.
You see here a +0 spear.
As you open the door, it creaks loudly!
There is an open door here.
You open the door.
There is an open door here.
There is an open door here.
There is an open door here.
There is a large open door here.
You now have 44 gold pieces (gained 9).
You see here a rat skeleton.
You see here a hobgoblin skeleton.
You see here a +0 dagger.
You open the door.
There is an open door here.
You open the door.
There is an open door here.
You open the door.
There is an open door here.
There is an open door here.
Key pressed, stopping explore.
You open the large door.
A rat and a quokka come into view.
Found 4 boomerangs.
There are monsters nearby!
There is a large open door here.
You hit the quokka.
The quokka is moderately wounded.
The quokka bites you.
You hit the quokka. You punch the quokka.
You kill the quokka!
The rat squeaks loudly.
You swing at nothing.
You barely miss the rat. The rat closely misses you.
You hit the rat.
The rat is heavily wounded.
You barely miss the rat.
The rat is heavily wounded.
The rat bites you.
You hit the rat.
You kill the rat!
You swing at nothing.
You swing at nothing.
You swing at nothing.
You swing at nothing.
There is a large open door here.
Things that are here:
a rat corpse; a quokka corpse Done exploring.
Done exploring.
Done exploring.
You see here 4 boomerangs.
j - 4 boomerangs
There is a stone staircase leading down here.
You climb downwards.
Found 5 gold pieces and a dagger.
There is a stone staircase leading up here.
A bat is nearby!
A bat is nearby!
A bat is nearby!
A bat is nearby!
The bat hits you but does no damage.
You hit the bat.
The bat is moderately wounded.
The bat misses you.
You hit the bat.
You kill the bat!
No target in view!
You now have 49 gold pieces (gained 5).
You open the door.
You now have 55 gold pieces (gained 6).
You sense a monster nearby.
Found a short sword.
A frilled lizard comes into view.
A frilled lizard is nearby!
The helpless frilled lizard fails to defend itself.
You punch the frilled lizard!
You kill the frilled lizard!
You see here a frilled lizard corpse.
You see here a bat corpse.
You open the door.
There is an open door here.
You open the door.
A frilled lizard comes into view.
Found a scroll labelled RAWE VA EREMEM.
A frilled lizard is nearby!
A frilled lizard is nearby!
A frilled lizard is nearby!
The frilled lizard hisses angrily.
There is an open door here.
A bat comes into view.
The bat moves out of view.
You barely miss the frilled lizard. The frilled lizard bites you.
You barely miss the frilled lizard. You hit the frilled lizard.
You kill the frilled lizard!
The bat closely misses you. The bat barely misses you.
You see here a frilled lizard corpse.
You barely miss the bat. The bat hits you but does no damage.
The bat closely misses you.
You hit the bat.
You kill the bat!
No target in view!
No target in view!
No target in view!
No target in view!
No target in view!
HP restored.
Found a stone staircase leading down.
k - a scroll labelled RAWE VA EREMEM You sense a monster nearby.
No target in view!
A jackal comes into view.
A jackal is nearby!
The jackal barks!
A jackal comes into view.
An adder comes into view.
The jackal bites you.
You closely miss the jackal.
The jackal bites you but does no damage.
A jackal comes into view.
The jackal barks!
You hit the jackal.
You kill the jackal!
You barely miss the adder. The adder bites you but does no damage.
The adder barely misses you.
You hit the adder.
The adder is heavily wounded.
The adder bites you.
You are poisoned.
The adder poisons you!
You barely miss the adder.
The adder is heavily wounded.
You feel sick. The adder closely misses you.
You miss the adder.
The adder is heavily wounded.
You feel sick. The adder bites you.
You closely miss the adder.
The adder is heavily wounded.
You feel sick. The adder misses you.
You miss the adder.
The adder is heavily wounded.
You feel sick. The adder bites you. The adder misses you.
You are too injured to fight recklessly!
You are too injured to fight recklessly!
You are too injured to fight recklessly!
You are too injured to fight recklessly!
You are too injured to fight recklessly!
You are too injured to fight recklessly!
You are too injured to fight recklessly!
You are too injured to fight recklessly!
You are too injured to fight recklessly!
You are too injured to fight recklessly!
You are too injured to fight recklessly!
You are too injured to fight recklessly!
You are too injured to fight recklessly!
You are too injured to fight recklessly!
You punch the adder!
You kill the adder!
You feel sick.
You have reached level 4!
You feel stronger.
You hit the jackal.
The jackal is severely wounded.
You feel sick.
You are no longer poisoned.
The jackal barely misses you.
You hit the jackal.
You kill the jackal!
The jackal bites you.
You hit the jackal.
The jackal is severely wounded.
The jackal barely misses you.
You barely miss the jackal.
The jackal is severely wounded.
The jackal misses you.
You barely miss the jackal.
The jackal is severely wounded.
The jackal closely misses you.
You hit the jackal.
The jackal is almost dead.
The jackal barely misses you. The jackal closely misses you.
You hit the jackal.
You kill the jackal!
Your Fighting skill increases to level 4!
You swing at nothing.
You start resting.
HP restored.
You see here a jackal corpse.
A ribbon worm comes into view.
A ribbon worm is nearby!
A ribbon worm is nearby!
A ribbon worm is nearby!
You barely miss the ribbon worm.
The ribbon worm expels a string of sticky webbing.
The stream of webbing misses you.
You hit the ribbon worm.
The ribbon worm is lightly wounded.
The ribbon worm expels a string of sticky webbing.
The stream of webbing misses you.
You hit the ribbon worm.
The ribbon worm is moderately wounded.
The ribbon worm bites you.
You hit the ribbon worm.
The ribbon worm is heavily wounded.
The ribbon worm completely misses you.
You hit the ribbon worm.
The ribbon worm is heavily wounded.
You punch the ribbon worm!
You kill the ribbon worm!
No target in view!
No target in view!
No target in view!
No target in view!
No target in view!
No target in view!
No target in view!
You sense a monster nearby.
Found an escape hatch in the floor.
A kobold comes into view. It is wielding a +0 dagger.
The kobold shouts!
A kobold is nearby!
The kobold hits you with a +0 dagger.
You hit the kobold.
You kill the kobold!
No target in view!
No target in view!
Things that are here:
a +0 dagger; a kobold corpse Done exploring.
Done exploring.
Done exploring.
Done exploring.
No target in view!
Things that are here:
a +0 dagger; a kobold corpse
There is a stone staircase leading down here.
You climb downwards.
Found a whip and a sling.
There is a stone staircase leading up here.
Found an escape hatch in the floor.
You sense a monster nearby.
You see here a +1 buckler of protection.
You see here a +1 buckler of protection.
l - a +1 buckler of protection
There is a stone staircase leading up here.
You see here a +0 whip.
You see here a +0 sling.
You see here a +0 sling.
You see here a +0 whip.
Okay, then.
You start putting on your armour.
You continue putting on your +1 buckler of protection. x4
You finish putting on your +1 buckler of protection.
You feel protected.
Okay, then.
m - a +0 whip
Okay, then.
You see here a +0 sling.
You sense a monster nearby.
A ball python comes into view.
The ball python hisses angrily.
A bat comes into view.
The ball python moves out of view.
A bat is nearby!
A bat is nearby!
Found 15 gold pieces and a scroll labelled YCSUTU HODE.
Found 8 gold pieces.
The ball python barely misses you. The ball python closely misses you.
You closely miss the ball python. The ball python closely misses you.
The ball python grabs you. The ball python constricts you.
The bat hits you but does no damage.
You hit the ball python.
The ball python is severely wounded.
The bat hits you but does no damage. x2; The ball python bites you.
The ball python constricts you.
You closely miss the ball python.
The ball python is severely wounded.
The bat hits you but does no damage. The ball python bites you.
The ball python constricts you.
You hit the ball python.
You kill the ball python!
The bat misses you. You block the bat's attack. The bat misses you.
The bat hits you but does no damage.
A bat is nearby!
You completely miss the bat. The bat barely misses you.
The bat barely misses you.
Found a ring mail.
The bat misses you.
You hit the bat.
The bat is severely wounded.
The bat hits you but does no damage. You block the bat's attack.
You hit the bat.
You kill the bat!
No target in view!
No target in view!
HP restored.
You now have 70 gold pieces (gained 15).
n - a scroll labelled YCSUTU HODE You see here a +0 ring mail.
o - a +0 ring mail You start removing your armour.
You continue removing your +0 leather armour. x4
You finish removing your +0 leather armour.
You start putting on your armour.
You continue putting on your +0 ring mail. x5
You finish putting on your +0 ring mail.
You drop a +0 animal skin.
You drop a +0 leather armour.
You feel your magic capacity increase.
g - a ring of magical power (right hand) Magic restored.
You now have 78 gold pieces (gained 8).
You open the door.
There is an open door here.
You now have 86 gold pieces (gained 8).
You open the door.
A dart slug comes into view.
Found 14 gold pieces.
A dart slug is nearby!
A dart slug is nearby!
A dart slug is nearby!
There is an open door here.
The dart slug launches a dart at you.
The slug dart hits you but does no damage.
You see here 14 gold pieces.
Found a scroll labelled PARURCH OHUTOAD.
Found a stone staircase leading up.
You hit the dart slug.
The dart slug is moderately wounded.
The dart slug launches a dart at you. The slug dart misses you.
You hit the dart slug.
The dart slug is heavily wounded.
You block the dart slug's attack.
You hit the dart slug.
The dart slug is almost dead.
You hit the dart slug.
You kill the dart slug!
No target in view!
You see here a dart slug corpse.
There is a stone staircase leading up here.
You climb upwards.
The rat squeaks loudly.
You block the rat's attack.
Found a scroll labelled TACVUD AWESHRYH.
There is a stone staircase leading down here.
A rat is nearby!
A rat is nearby!
A rat is nearby!
You hit the rat.
You kill the rat!
No target in view!
No target in view!
A giant cockroach comes into view.
A giant cockroach is nearby!
A giant cockroach is nearby!
The giant cockroach barely misses you.
You hit the giant cockroach.
You kill the giant cockroach!
No target in view!
No target in view!
a - a scroll labelled TACVUD AWESHRYH A hobgoblin comes into view.
The hobgoblin shouts!
A hobgoblin is nearby!
A hobgoblin is nearby!
A hobgoblin is nearby!
The hobgoblin closely misses you.
You hit the hobgoblin.
The hobgoblin is moderately wounded.
The hobgoblin closely misses you.
A goblin comes into view.
It is wielding a +2 war axe of distortion.
You hit the hobgoblin but do no damage.
The hobgoblin is moderately wounded.
The hobgoblin barely misses you.
You hit the hobgoblin.
The hobgoblin is heavily wounded.
The hobgoblin hits you but does no damage.
You barely miss the hobgoblin.
The hobgoblin is heavily wounded.
You hit the hobgoblin.
You kill the hobgoblin!
The goblin hits you but does no damage.
You are cast into the Abyss!
This branch contains the abyssal rune of Zot.
Beware, you cannot shaft yourself on this level.
Unknown command.
Unknown command.
Unknown command.
Unknown command.
Unknown command.
Unknown command.
You start waiting.
Done waiting.
You start waiting.
You sense a monster nearby.
You start waiting.
A tentacled starspawn comes into view.
As you read the scroll labelled TACVUD AWESHRYH, it crumbles to dust.
It is a scroll of identify.
k - a scroll of amnesia
As you read the scroll labelled YCSUTU HODE, it crumbles to dust.
You assume a fearsome visage.
The tentacled starspawn is unaffected.
It was a scroll of fear.
The tentacled starspawn bites you but does no damage.
The tentacled starspawn tentacle-slaps you.
A starcursed mass comes into view.
Okay, then.
Okay, then.
It was a potion of enlightenment.
You feel very buoyant.
You fly up into the air.
The tentacled starspawn bites you!!!
Ouch! That really hurt!
You die...

. . #
# # #
. #. #
,.. .#
##X# .
##..#
....#
.
##X.#.
#h# .
. ###.
# . .
. . #


You could see a starcursed mass and a tentacled starspawn.

Vanquished Creatures
  An adder (D:2)
  A dart slug (D:3)
  A ribbon worm (D:2)
  4 bats
  4 endoplasms (D:1)
  2 giant cockroaches
  3 goblins (D:1)
  5 hobgoblins
  11 jackals
  A quokka (D:1)
  2 ball pythons
  3 frilled lizards
  3 kobolds
  5 rats
46 creatures vanquished.

Notes
Turn   | Place    | Note
-------+----------+-------------------------------------------
     0 | D:1      | sleeves the Formicid Shapeshifter began the quest for the
                  | Orb.
     0 | D:1      | Reached XP level 1. HP: 15/15 MP: 1/1
    69 | D:1      | Found Owimagh's Armour Boutique.
   128 | D:1      | Reached skill level 2 in Fighting
   128 | D:1      | Reached XP level 2. HP: 21/22 MP: 2/2
   272 | D:1      | Found a faded altar of an unknown god.
   439 | D:1      | Reached skill level 3 in Fighting
   439 | D:1      | Reached XP level 3. HP: 29/29 MP: 3/3
  1010 | D:2      | Reached XP level 4. HP: 23/37 MP: 4/4
  1017 | D:2      | Reached skill level 4 in Fighting
  1443 | Abyss:1  | Cast into level 1 of the Abyss (goblin)
  1662 | Abyss:1  | Noticed a tentacled starspawn
  1664 | Abyss:1  | Noticed a starcursed mass
  1665 | Abyss:1  | Slain by a tentacled starspawn

Illustrated notes

Levels and vault maps discovered:
D:1:      matt_arrival_los_fun, layout_basic, serial_shops, shop,
          shapermc_ecumenical_altar_mp_vishouse
D:2:      layout_basic, basic_altar
D:3:      layout_loops_corners
Abyss:1:  base:
Temple

Skill      XL: |  1  2  3  4 |
---------------+-------------+-----
Fighting       | 2 3 4 |  4.1
Maces & Flails | |  0.3
Dodging        | |  1.7
Shields        | |  0.6
Unarmed Combat | |  3.0
Shapeshifting  | |  3.2

Action                     |  1- 3 |  4- 6 || total
---------------------------+-------+-------++-------
  Melee: Unarmed           |   109 |    32 ||   141
         Punch             |     2 |       ||     2
    Use: Scroll            |       |     2 ||     2
         Potion            |       |     1 ||     1
   Stab: Sleeping          |     3 |       ||     3
 Armour: Animal skin       |    11 |       ||    11
         Leather armour    |    33 |    14 ||    47
         Ring mail         |       |     6 ||     6
  Dodge: Dodged            |    52 |    22 ||    74
  Block: Buckler           |       |     4 ||     4

Table legend: (Time is in decaauts)
 A = Elapsed time spent in this place.
 B = Non-inter-level travel time spent in this place.
 C = Inter-level travel time spent in this place.
 D = Time resting spent in this place.
 E = Time spent auto-exploring this place.
 F = Levels seen in this place.
 G = Mean time per level.
                   A        B        C        D        E       F      G
               +--------+--------+--------+--------+--------+-----+--------+
         Total |   1654 |   1543 |    111 |    218 |    899 |   4 |  413.5 |
       Dungeon |   1432 |   1321 |    111 |     53 |    899 |   3 |  477.3 |
         Abyss |    221 |    221 |      0 |    165 |      0 |   1 |  221.0 |
               +--------+--------+--------+--------+--------+-----+--------+

Top non-repeatable levels by time:
     D:1: 901 daAuts
     D:2: 322 daAuts
 Abyss:1: 221 daAuts
     D:3: 208 daAuts
